 Dungeon Crawl Stone Soup version 0.16-a0-3987-g5719e88 (webtiles) character file.

2226 DEFE the Carver (level 9, -3/93 HPs)
             Began as a High Elf Fighter on Feb 12, 2015.
             Was a Follower of Okawaru.
             Slain by a chaos spawn (7 damage)
             ... on level 1 of the Abyss.
             The game lasted 00:19:10 (9093 turns).

DEFE the Carver (High Elf Fighter)                  Turns: 9093, Time: 00:19:11

Health: -3/93      AC: 24    Str: 18    XL:     9   Next: 13%
Magic:  15/15      EV:  2    Int: 13    God:    Okawaru [*.....]
Gold:   342        SH:  0    Dex: 15    Spells: 0 memorised, 8 levels left

rFire  . . .     SeeInvis .     a - +0 long sword
rCold  . . .     Clarity  .     k - melded +0 chain mail
rNeg   + + +     SustAb   +     (no shield)
rPois  +         Gourm    .     (helmet currently unavailable)
rElec  .         Spirit   .     m - melded +0 cloak
rCorr  .         Warding  .     (gloves currently unavailable)
rMut   .         NoTele   +     h - melded +0 pair of boots
MR     .....                    (no amulet)
Stlth  ++++......               c - ring of sustain abilities
                                (no ring)

@: tree-form, heroism, not resistant to hostile enchantments, stealthy
A: sense surroundings 1
a: Heroism, Renounce Religion


You were on level 1 of the Abyss.
You worshipped Okawaru.
Okawaru was aware of your devotion.
You were hungry.
You were a tree.
You visited 2 branches of the dungeon, and saw 8 of its levels.
You visited the Abyss 1 time.

You collected 462 gold pieces.
You spent 120 gold pieces at shops.

Inventory:

Hand weapons
 a - a +0 long sword (weapon)
Armour
 b - a +1 scale mail
 h - a +0 pair of boots (melded)
 k - a +0 chain mail (melded)
 m - a +0 cloak (melded)
Jewellery
 c - a ring of sustain abilities (right branch)
Magical devices
 g - a wand of magic darts (19)
 j - a wand of polymorph (8)
 o - a wand of teleportation (2)
 p - a wand of random effects (21)
 t - a wand of frost (22)
 v - a wand of digging (10)
Scrolls
 q - a scroll of random uselessness {unknown}
 s - a scroll of teleportation
 u - a scroll of magic mapping
Potions
 e - a potion of berserk rage
 i - a potion of cure mutation
Comestibles
 d - 2 bread rations
 f - 6 meat rations
 l - 8 fruits
 r - 2 slices of pizza


   Skills:
 + Level 6.3(11.3) Fighting
 * Level 9.4(14.4) Long Blades
 + Level 5.4(10.4) Armour
 + Level 6.0(11.0) Dodging
   Level 2.6(7.6) Shields


You had 8 spell levels left.
You didn't know any spells.

Dungeon Overview and Level Annotations

Branches:
Dungeon (7/15)             Temple (1/1) D:5

Altars:
Ashenzari
Cheibriados
Dithmenos
Elyvilon
Fedhas
Gozag
Kikubaaqudgha
Makhleb
Nemelex Xobeh
Okawaru
Qazlal
Ru
Sif Muna
Trog
Vehumet
Xom
Yredelemnul
Zin
The Shining One

Shops:
D:4 *

Annotations:
D:7 Joseph


Innate Abilities, Weirdness & Mutations

You passively map a small area around you.


Message History

Your chain mail prevents you from hitting the chaos spawn.
The chaos spawn barely misses you.
You hit the chaos spawn but do no damage.
The chaos spawn hits you! Space warps horribly around you!
* * * LOW HITPOINT WARNING * * *
You are too injured to fight recklessly!
You are too injured to fight recklessly!
You are too injured to fight recklessly!
You are too injured to fight recklessly!
Drink which item? (? for menu, Esc to quit)
It was a potion of lignification.
You turn into a tree.
Your +0 cloak melds into your body.
Your +0 pair of boots melds into your body.
Your +0 chain mail melds into your body.
Your roots penetrate the ground.
The chaos spawn gores you!
* * * LOW HITPOINT WARNING * * *
You barely miss the chaos spawn. The chaos spawn hits you.
* * * LOW HITPOINT WARNING * * *
You are engulfed in flames!
You die...

... #...# .#
.##.##.... . #
##...#........#
#. . .... #.#
#.#.##.#.# # ..
#.##..###. .
#.# #.#3...#..
.....
#.3.#.#... ## #
#♣##.# #.. ##.
#.## #..##. ..
## ..###... #
....##. .
...3..###.
.##.. #... .# .
## . #


You could see a smoke demon and a chaos spawn.

Vanquished Creatures
  Grinder (D:6)
  A slime creature (D:7)
  2 hippogriffs (D:7)
  A wyvern (D:7)
  A sky beast (D:4)
  A large abomination (Abyss:1)
  3 ogres
  3 giant frogs
  A scorpion (D:4)
  2 crimson imps
  An orc priest (D:3)
  4 hounds
  A jelly (D:6)
  4 orc wizards
  An iron imp (Abyss:1)
  4 worker ants
  3 iguanas
  Ijyb (D:3)
  Terence (D:3)
  4 worker ant zombies
  7 adders
  A shadow imp (D:6)
  2 worms (D:2)
  An adder skeleton (D:2)
  2 oozes
  8 orcs
  9 bats
  3 bat skeletons
  3 bat zombies
  2 giant cockroaches (D:2)
  11 hobgoblins
  9 jackals
  2 quokkas
  7 giant geckos
  A giant gecko skeleton (D:6)
  A giant newt (D:5)
  7 goblins
  A jackal zombie (D:2)
  13 kobolds
  A quokka zombie (D:5)
  17 rats
148 creatures vanquished.

Vanquished Creatures (others)
  A giant spore (D:6)
  A kobold (D:6)
2 creatures vanquished.

Grand Total: 150 creatures vanquished

Notes
Turn   | Place    | Note
--------------------------------------------------------------
     0 | D:1      | DEFE, the High Elf Fighter, began the quest for the Orb.
     0 | D:1      | Reached XP level 1. HP: 16/16 MP: 2/2
   172 | D:1      | Reached XP level 2. HP: 14/21 MP: 3/3
   992 | D:2      | Reached XP level 3. HP: 23/26 MP: 5/5
  1013 | D:2      | Reached skill level 1 in Dodging
  2016 | D:2      | Reached XP level 4. HP: 28/31 MP: 7/7
  2221 | D:3      | Found a sparkling altar of Nemelex Xobeh.
  2234 | D:3      | Noticed Terence
  2248 | D:3      | Killed Terence
  2499 | D:3      | Noticed Ijyb
  2525 | D:3      | Killed Ijyb
  2824 | D:2      | Reached skill level 4 in Long Blades
  2824 | D:2      | Reached XP level 5. HP: 30/37 MP: 8/8
  3646 | D:3      | Reached skill level 5 in Long Blades
  3646 | D:3      | Reached XP level 6. HP: 13/43 MP: 10/10
  4217 | D:4      | Found Caujiang's Assorted Antiques.
  4223 | D:4      | Bought a marble ring for 120 gold pieces
  4929 | D:5      | Entered Level 5 of the Dungeon
  5686 | D:4      | Reached skill level 6 in Long Blades
  5686 | D:4      | Reached XP level 7. HP: 23/49 MP: 12/12
  5877 | D:5      | Found a staircase to the Ecumenical Temple.
  5895 | Temple   | Entered the Ecumenical Temple
  6016 | Temple   | Became a worshipper of Warmaster Okawaru
  6257 | D:5      | Found a shimmering altar of Xom.
  6462 | D:6      | Noticed Grinder
  7126 | D:6      | Gained mutation: You passively map a small area around you. [potion of beneficial mutation]
  7134 | D:6      | Reached skill level 5 in Fighting
  7134 | D:6      | Reached skill level 7 in Long Blades
  7220 | D:6      | Found a white marble altar of Elyvilon.
  7220 | D:6      | Found a sacrificial altar of Ru.
  7299 | D:6      | Paralysed by Grinder for 5 turns
  7325 | D:6      | Killed Grinder
  7325 | D:6      | Reached XP level 8. HP: 4/55 MP: 13/13
  7924 | D:7      | Acquired Okawaru's first power
  8128 | D:7      | Noticed a slime creature
  8130 | D:7      | Reached skill level 8 in Long Blades
  8130 | D:7      | Reached skill level 5 in Dodging
  8146 | D:7      | Killed a slime creature
  8167 | D:7      | Reached skill level 5 in Armour
  8183 | D:7      | Noticed a hill giant
  8200 | D:7      | Found a shattered altar of Ashenzari.
  8207 | D:7      | Noticed Joseph
  8590 | D:7      | Reached skill level 9 in Long Blades
  8611 | D:7      | Reached XP level 9. HP: 38/62 MP: 15/15
  8849 | D:7      | Cast into the Abyss (big kobold)
  8849 | Abyss:1  | Found a corrupted altar of Lugonu.
  9083 | Abyss:1  | Noticed a smoke demon
  9093 | Abyss:1  | HP: 4/93 [chaos spawn (1)]
  9093 | Abyss:1  | Slain by a chaos spawn

Action                   |  1- 3 |  4- 6 |  7- 9 || total
-------------------------+-------+-------+-------++-------
Melee: Long sword        |   124 |   287 |   315 ||   726
Invok: Heroism           |       |       |     2 ||     2
Evoke: Wand              |       |     1 |     5 ||     6
  Use: Potion            |       |     5 |     6 ||    11
       Scroll            |       |     7 |     5 ||    12
 Stab: Invisible         |       |       |     1 ||     1
  Eat: Chunk             |     4 |    10 |     7 ||    21
       Pizza             |       |       |     3 ||     3
       Beef jerky        |       |       |     1 ||     1
